[Event "Titled Tuesday Blitz February 21 Early 2023"]
[White "Pichot, Alan"]
[Black "Sadubayev, Airat"]
[WhiteFideId "110973"]
[BlackFideId "13713264"]
[WhiteElo "2638"]
[BlackElo "2320"]
[Result "1-0"]
[Round "10"]
[TimeControl "180+2"]
[Date "2023.02.21"]
[WhiteClock "0:00:04"]
[BlackClock "0:00:01"]

1. Nf3 d5 2. c4 c6 3. g3 Bg4 4. Bg2 e6 5. O-O Nd7 6. d3 Ngf6 7. b3 Be7 8. Bb2 O-O 9. Nbd2 a5 10. a3 Re8 11. h3 Bh5 12. Qc2 Bf8 13. Bc3 e5 14. Rfe1 d4 15. Bb2 Nc5 16. Ng5 Qb6 17. Rab1 h6 18. Ngf3 Bg6 19. Nxe5 Rxe5 20. Bxd4 Qc7 21. Nf3 Re6 22. b4 Ncd7 23. Bc3 axb4 24. axb4 Ree8 25. Qb2 Nh5 26. e4 Nhf6 27. Nh4 Bh7 28. f4 Nb6 29. Qc2 Nfd7 30. Nf3 Rad8 31. Rbd1 Nc8 32. Kh2 b6 33. Qb2 c5 34. b5 Ne7 35. Rd2 Ng6 36. e5 Ne7 37. Nh4 Nb8 38. Red1 Rd7 39. d4 cxd4 40. Rxd4 Red8 41. Rd6 Nc8 42. Rxd7 Rxd7 43. Bd5 Be4 44. e6 fxe6 45. Bxe6+ Kh8 46. Bxd7 Nxd7 47. Qd2 Nd6 48. Bb4 Nc5 49. Qd4 Bh7 50. Qe5 Qd7 51. Bxc5 bxc5 52. b6 Qc6 53. f5 Nf7 54. Qc7 Qe4 55. Qxf7 Qe2+ 56. Ng2 1-0


[Site "https://www.chess.com"]

[Event "Titled Tuesday Blitz February 21 Early 2023"]
[White "Fiorito, Joaquin"]
[Black "Urazayev, Arystanbek"]
[WhiteFideId "180173"]
[BlackFideId "13709810"]
[WhiteElo "2405"]
[BlackElo "2460"]
[Result "1/2-1/2"]
[Round "10"]
[TimeControl "180+2"]
[Date "2023.02.21"]
[WhiteClock "0:00:10"]
[BlackClock "0:00:12"]

1. d4 Nf6 2. Nc3 d5 3. Bf4 e6 4. Nb5 Bb4+ 5. c3 Ba5 6. a4 a6 7. b4 Bxb4 8. cxb4 axb5 9. axb5 Rxa1 10. Qxa1 Ne4 11. b6 Qe7 12. Qb2 Na6 13. f3 g5 14. Bxc7 Nxc7 15. bxc7 Nd6 16. Qc1 Nc4 17. e3 Qxb4+ 18. Kf2 Bd7 19. Bxc4 dxc4 20. Ne2 Ke7 21. e4 h6 22. h4 g4 23. Qf4 Rg8 24. e5 g3+ 25. Nxg3 Qb6 26. Ne2 Qxc7 27. Ra1 c3 28. Qf6+ Ke8 29. Rc1 c2 30. Qxh6 Bb5 31. Qd2 Bxe2 32. Rxc2 Bc4 33. Qb4 b5 34. Qxb5+ Bxb5 35. Rxc7 Bd7 36. g4 Ke7 37. h5 Ra8 38. Rc2 Ra1 39. Kg3 Kf8 40. Kf4 Kg7 41. Rc7 Be8 42. g5 Rh1 43. h6+ Kg6 44. Rc8 Rh4+ 45. Kg3 Kxg5 46. Rxe8 Rxh6 47. Rg8+ Kf5 48. Kf2 Rh2+ 49. Ke3 Ra2 50. Rd8 Ra3+ 51. Ke2 Kf4 52. Rd7 Ra2+ 53. Kd1 Ke3 54. Rxf7 Rd2+ 55. Kc1 Rxd4 56. Rf6 Rc4+ 57. Kb2 Rc6 58. f4 Kd2 59. f5 Rb6+ 60. Ka3 Kc3 61. Ka4 Rb4+ 62. Ka5 exf5 63. Rxf5 Re4 64. Kb5 Kd4 65. Kc6 Rxe5 66. Rf4+ Re4 67. Rf1 Re3 68. Rd1+ Rd3 69. Rc1 Rc3+ 70. Rxc3 Kxc3 1/2-1/2


[Site "https://www.chess.com"]

[Event "Titled Tuesday Blitz February 21 Early 2023"]
[White "Kilic, Eray"]
[Black "Cuenca Jimenez, Jose Fernando"]
[WhiteFideId "44517173"]
[BlackFideId "2255570"]
[WhiteElo "2414"]
[BlackElo "2535"]
[Result "1-0"]
[Round "10"]
[TimeControl "180+2"]
[Date "2023.02.21"]
[WhiteClock "0:00:16"]
[BlackClock "0:00:04"]

1. d4 Nf6 2. Nc3 d6 3. e4 e5 4. Nf3 Nbd7 5. Rg1 g6 6. g4 exd4 7. Nxd4 Bg7 8. g5 Nxe4 9. Nxe4 Qe7 10. Rg3 d5 11. Nb5 Nb6 12. Nxc7+ Qxc7 13. Nf6+ Bxf6 14. gxf6 O-O 15. Be2 Qe5 16. Be3 Qxf6 17. Bd4 Qf4 18. Bc3 Na4 19. Bd2 Qh4 20. Bg5 Qxh2 21. Qd4 Qh1+ 22. Bf1 Qe4+ 23. Qxe4 dxe4 24. b3 Nb6 25. O-O-O Bf5 26. Be2 Rac8 27. c4 f6 28. Be3 Rfd8 29. Rh1 Rd7 30. Kb2 Rcd8 31. Bg4 Bxg4 32. Rxg4 f5 33. Rgh4 Nc8 34. Bg5 Re8 35. b4 b6 36. c5 bxc5 37. bxc5 Rc7 38. c6 Ne7 39. Rxh7 Rxc6 40. Rh8+ Kf7 41. R1h7+ 1-0


[Site "https://www.chess.com"]

[Event "Titled Tuesday Blitz February 21 Early 2023"]
[White "Ambartsumova, Karina"]
[Black "Fernandez Guillen, Ernesto J."]
[WhiteFideId "4166299"]
[BlackFideId "3512428"]
[WhiteElo "2393"]
[BlackElo "2477"]
[Result "0-1"]
[Round "10"]
[TimeControl "180+2"]
[Date "2023.02.21"]
[WhiteClock "0:00:01"]
[BlackClock "0:01:29"]

1. Nf3 Nf6 2. c4 g6 3. d4 Bg7 4. Nc3 O-O 5. g3 b6 6. Bg2 Bb7 7. O-O d6 8. Re1 Nbd7 9. e4 e5 10. d5 h6 11. Qc2 Nh7 12. Rf1 a5 13. Ne1 f5 14. f4 exf4 15. exf5 fxg3 16. hxg3 Ne5 17. fxg6 Rxf1+ 18. Bxf1 Ng5 19. Bg2 Qf6 20. Bxg5 Qxg5 21. Ne4 Qxg6 22. Nd3 Rf8 23. Nf4 Qh7 24. Ne6 Rf7 25. Rf1 Rxf1+ 26. Kxf1 Ba6 27. b3 Bc8 28. Nxg7 Qxg7 29. Qf2 Ng4 30. Qf4 Qa1+ 31. Ke2 Qxa2+ 32. Nd2 Qb2 33. Bf3 Qg7 34. Ne4 Qb2+ 35. Nd2 Qe5+ 36. Qxe5 Nxe5 37. Ke3 Kg7 38. Be4 Bg4 39. Kf4 Bh5 40. Bc2 Bg6 41. Bd1 Kf6 42. Ke3 Nd3 0-1


[Site "https://www.chess.com"]

[Event "Titled Tuesday Blitz February 21 Early 2023"]
[White "Fier, Alexandr"]
[Black "Vovk, Orest"]
[WhiteFideId "2107139"]
[BlackFideId "14113490"]
[WhiteElo "2589"]
[BlackElo "2315"]
[Result "1-0"]
[Round "10"]
[TimeControl "180+2"]
[Date "2023.02.21"]
[WhiteClock "0:01:56"]
[BlackClock "0:00:02"]

1. d4 h6 2. e4 g5 3. h4 g4 4. Qxg4 d5 5. Qe2 dxe4 6. Qxe4 Nf6 7. Qd3 Nc6 8. Nf3 Bg4 9. c3 Qd5 10. Nbd2 O-O-O 11. Qb5 e5 12. Qxd5 Nxd5 13. Bb5 exd4 14. Bxc6 dxc3 15. Bxb7+ Kxb7 16. bxc3 Re8+ 17. Kf1 Bg7 18. Rb1+ Kc8 19. c4 Nc3 20. Rb3 Bf5 21. Bb2 Bd3+ 22. Kg1 Ne2+ 23. Kh2 Bxb2 24. Rxd3 Rhg8 25. Rb1 Nf4 26. Re3 Rxg2+ 27. Kh1 Reg8 28. Rxb2 Rxf2 29. Reb3 Rg4 30. Ne4 Rf1+ 31. Kh2 f5 32. Rb8+ Kd7 33. Nf6+ Ke6 34. Nxg4 fxg4 35. Nd4+ Ke5 36. Rd2 h5 37. Re8+ Kf6 38. Rf8+ Kg7 39. Rxf4 Rxf4 40. Ne6+ 1-0


[Site "https://www.chess.com"]

[Event "Titled Tuesday Blitz February 21 Early 2023"]
[White "Shapiro, Viktor"]
[Black "Halkias, Stelios"]
[WhiteFideId "4175700"]
[BlackFideId "4201809"]
[WhiteElo "2192"]
[BlackElo "2511"]
[Result "1-0"]
[Round "10"]
[TimeControl "180+2"]
[Date "2023.02.21"]
[WhiteClock "0:00:19"]
[BlackClock "0:00:02"]

1. c4 Nf6 2. Nc3 g6 3. g3 Bg7 4. Bg2 O-O 5. e3 d6 6. Nge2 Nbd7 7. d4 e5 8. O-O h5 9. h3 Re8 10. b3 a5 11. Bb2 c6 12. Qc2 Nf8 13. dxe5 dxe5 14. Rad1 Qe7 15. Na4 N8h7 16. Qc1 Ng5 17. h4 Ngh7 18. Ba3 Qe6 19. Nb6 Ra6 20. Rd6 Qf5 21. Nc3 e4 22. Nxc8 Rxc8 23. Rfd1 Raa8 24. R6d4 Re8 25. Qc2 g5 26. Nxe4 Ng4 27. Rd7 gxh4 28. gxh4 Nf8 29. Rxb7 Ng6 30. Rdd7 N4e5 31. Qd1 Nxh4 32. Ng3 Nhf3+ 33. Kh1 Qg4 34. Bxf3 Nxf3 35. Kg2 Nh4+ 36. Kf1 Qh3+ 37. Ke2 Ng6 38. Rxf7 Bh6 39. Qd7 Qxd7 40. Rbxd7 Ne5 41. Rfe7 Nxd7 42. Rxd7 h4 43. Nf5 Bf8 44. Bb2 Re6 45. Kf3 Rae8 46. Kg4 Rg6+ 47. Kxh4 Re4+ 48. f4 Re8 49. Be5 Rg1 50. e4 c5 51. Kh3 a4 52. bxa4 Re1 53. Ng3 Re3 54. Kg4 Re1 55. Nh5 Re7 56. Rd8 Kf7 57. Kf5 Rf1 58. Nf6 Rxe5+ 59. Kxe5 Bg7 60. Rd7+ Kg6 61. Rd6 Kf7 62. f5 Ra1 63. Rd7+ Kf8 64. Ke6 Bxf6 65. Kxf6 Ke8 66. Ra7 Kd8 67. e5 Rxa2 68. e6 Kc8 69. e7 Re2 70. Kf7 Kb8 71. Rd7 Re5 72. Rd8+ Kc7 73. f6 Re4 74. e8=Q Rxe8 75. Kxe8 1-0


[Site "https://www.chess.com"]

[Event "Titled Tuesday Blitz February 21 Early 2023"]
[White "Potapova, Margarita"]
[Black "Golubka, Petro"]
[WhiteFideId "14126869"]
[BlackFideId "14114224"]
[WhiteElo "2104"]
[BlackElo "2371"]
[Result "1-0"]
[Round "10"]
[TimeControl "180+2"]
[Date "2023.02.21"]
[WhiteClock "0:01:19"]
[BlackClock "0:01:27"]

1. d4 d5 2. c4 c6 3. Nf3 e6 4. g3 f5 5. Bg2 Nf6 6. O-O Be7 7. b3 O-O 8. Ba3 Nbd7 9. Bxe7 Qxe7 10. Qc2 Rd8 11. Nc3 a5 12. e3 Nf8 13. Ne2 Bd7 14. Nf4 Be8 15. Nd3 Bh5 16. Nfe5 h6 17. Rac1 g5 18. Nc5 Kg7 19. f4 g4 20. cxd5 cxd5 21. Na4 b5 22. Nc6 Qd7 23. Nb6 Qb7 24. Nxa8 Rxa8 25. Ne5 N8d7 26. Qc7 Ra7 27. Qd6 Nf8 28. Rc6 Be8 29. Rc2 b4 30. Rfc1 Qa8 31. Rc7+ Bd7 32. Qe7+ Kg8 33. Qf7+ 1-0


[Site "https://www.chess.com"]

[Event "Titled Tuesday Blitz February 21 Early 2023"]
[White "Bon, Michael"]
[Black "Talibov, Shiroghlan"]
[WhiteFideId "620696"]
[BlackFideId "13429078"]
[WhiteElo "2394"]
[BlackElo "2359"]
[Result "0-1"]
[Round "10"]
[TimeControl "180+2"]
[Date "2023.02.21"]
[WhiteClock "0:00:09"]
[BlackClock "0:00:19"]

1. e4 c5 2. Nf3 a6 3. c4 e6 4. Nc3 Qc7 5. d4 cxd4 6. Nxd4 Nf6 7. Be3 b6 8. Be2 Bb7 9. f3 d6 10. O-O Nbd7 11. Qb3 Be7 12. Rfc1 O-O 13. Qd1 Rac8 14. b4 Rfe8 15. a3 Qb8 16. Qf1 Bd8 17. Qf2 Bc7 18. g3 h5 19. Nb3 Qa8 20. Na4 d5 21. exd5 exd5 22. c5 b5 23. Nb6 Bxb6 24. cxb6 Rc4 25. Nc5 d4 26. Bd2 Rxe2 27. Qxe2 Bxf3 28. Qf1 Nxb6 29. Nd3 Rxc1 30. Rxc1 Nc4 31. Bg5 Ng4 32. Ne1 Be4 33. Qf4 Qd5 34. Rd1 f6 35. Bh4 g5 36. Qb8+ Kh7 37. Qc7+ Kg6 38. Qb6 Nxb6 0-1


[Site "https://www.chess.com"]

[Event "Titled Tuesday Blitz February 21 Early 2023"]
[White "Skvortsov, Andrei"]
[Black "Pranav, V"]
[WhiteFideId "24108600"]
[BlackFideId "25060783"]
[WhiteElo "2313"]
[BlackElo "2597"]
[Result "0-1"]
[Round "10"]
[TimeControl "180+2"]
[Date "2023.02.21"]
[WhiteClock "0:00:27"]
[BlackClock "0:02:02"]

1. e4 e5 2. Nf3 Nc6 3. Nc3 Nf6 4. d4 exd4 5. Nxd4 Bb4 6. Nxc6 bxc6 7. Bd3 d6 8. h3 O-O 9. O-O h6 10. Ne2 Re8 11. c3 Ba5 12. Qc2 Bb6 13. Nd4 c5 14. Nf3 Bb7 15. Re1 c4 16. Bxc4 Bxe4 17. Qd1 Qd7 18. Be3 Bb7 19. Bxb6 axb6 20. Rxe8+ Rxe8 21. Nd4 Re5 22. Bf1 Rg5 23. Nf3 Rd5 24. Qe2 Ra5 25. Nd4 Re5 26. Qd3 Ne4 27. Nf3 Re6 28. Re1 Nc5 29. Qd1 Bxf3 30. gxf3 Rg6+ 31. Kh2 Qf5 32. b4 Qg5 33. Kh1 Qg1# 0-1


[Site "https://www.chess.com"]

[Event "Titled Tuesday Blitz February 21 Early 2023"]
[White "Averjanov, Alexey"]
[Black "Indjic, Aleksandar"]
[WhiteFideId "14109867"]
[BlackFideId "911925"]
[WhiteElo "2399"]
[BlackElo "2618"]
[Result "1-0"]
[Round "10"]
[TimeControl "180+2"]
[Date "2023.02.21"]
[WhiteClock "0:00:53"]
[BlackClock "0:00:29"]

1. d4 Nf6 2. c4 e6 3. Nf3 c5 4. g3 cxd4 5. Nxd4 Qc7 6. b3 Qb6 7. Bb2 Bb4+ 8. Bc3 e5 9. Nb5 Ne4 10. e3 Nxc3 11. N5xc3 Qc6 12. f3 d6 13. Bg2 Bf5 14. O-O Bxc3 15. Nxc3 Qc5 16. Qd2 O-O 17. Rac1 Rd8 18. Rfd1 Na6 19. f4 Rab8 20. Kh1 Bg6 21. Nd5 Re8 22. b4 Qc8 23. a3 f6 24. e4 Bf7 25. f5 Rd8 26. Ne7+ 1-0


[Site "https://www.chess.com"]

[Event "Titled Tuesday Blitz February 21 Early 2023"]
[White "Ivic, Velimir"]
[Black "Souleidis, Georgios"]
[WhiteFideId "950122"]
[BlackFideId "4206827"]
[WhiteElo "2595"]
[BlackElo "2419"]
[Result "1-0"]
[Round "10"]
[TimeControl "180+2"]
[Date "2023.02.21"]
[WhiteClock "0:00:20"]
[BlackClock "0:00:10"]

1. d4 Nf6 2. c4 g6 3. Nc3 Bg7 4. g3 O-O 5. Bg2 d6 6. Nf3 Nc6 7. O-O e5 8. dxe5 Nxe5 9. Nxe5 dxe5 10. Bg5 Qxd1 11. Rfxd1 c6 12. h3 h6 13. Be3 Be6 14. b3 Nd7 15. Rac1 Rfe8 16. Na4 Bf8 17. Rc2 Kg7 18. Rcd2 Nf6 19. Bc5 Bxc5 20. Nxc5 Bc8 21. Rd6 a5 22. g4 Rb8 23. Kh2 Ra8 24. Kg3 Rb8 25. e3 Ra8 26. R1d2 Rb8 27. f3 Ra8 28. h4 Rb8 29. Bf1 Ra8 30. Bd3 Rb8 31. Bc2 Ra8 32. a3 Rb8 33. Bb1 Ra8 34. g5 hxg5 35. hxg5 Nh7 36. f4 exf4+ 37. exf4 Nf8 38. Bc2 Ne6 39. Ne4 Rh8 40. Bd1 Rb8 41. Bg4 Ra8 42. Nf6 Nc5 43. Bxc8 Raxc8 44. b4 axb4 45. axb4 Na6 46. Rd7 Nxb4 47. Rxb7 c5 48. Rdd7 Rhf8 49. Ng4 Nc6 50. Nh6 Nd4 51. Nxf7 Nf5+ 52. Kf3 Kg8 53. Nh6+ Nxh6 54. gxh6 Rfe8 55. Rg7+ Kh8 56. Rh7+ Kg8 57. Rbg7+ Kf8 58. Rh8# 1-0


[Site "https://www.chess.com"]

[Event "Titled Tuesday Blitz February 21 Early 2023"]
[White "Stribuk, Artiom"]
[Black "Jakubowski, Krzysztof"]
[WhiteFideId "13515659"]
[BlackFideId "1112848"]
[WhiteElo "2378"]
[BlackElo "2486"]
[Result "1-0"]
[Round "10"]
[TimeControl "180+2"]
[Date "2023.02.21"]
[WhiteClock "0:00:04"]
[BlackClock "0:00:02"]

1. d4 Nf6 2. c4 e6 3. g3 d5 4. Bg2 Bb4+ 5. Nd2 O-O 6. Nf3 dxc4 7. Qc2 a5 8. a3 Bxd2+ 9. Bxd2 b5 10. a4 c6 11. h4 Ra6 12. h5 h6 13. g4 Nh7 14. g5 hxg5 15. h6 g6 16. Ne5 f5 17. Nxg6 Rf6 18. Ne5 Qf8 19. b3 cxb3 20. Qxb3 b4 21. Rc1 Rxh6 22. d5 Rxh1+ 23. Bxh1 exd5 24. Nxc6 Nxc6 25. Bxd5+ Kg7 26. Bxc6 Qf6 27. Bb5 Be6 28. Qg3 Ra7 29. Qb8 Rf7 30. Qa8 Qh6 31. e3 Nf6 32. Qxa5 Bd5 33. Qxb4 Qh1+ 34. Bf1 Bg2 35. Qb5 Rb7 36. Qd3 Ne4 37. Bc3+ Kh6 38. Bd4 Kh5 39. Qe2+ g4 40. a5 Re7 41. a6 Kh4 42. a7 Re8 43. Ra1 Ng5 44. a8=Q Rxa8 45. Rxa8 Nf3+ 46. Kd1 1-0


[Site "https://www.chess.com"]

[Event "Titled Tuesday Blitz February 21 Early 2023"]
[White "Stijve, Theo"]
[Black "Lagno, Kateryna"]
[WhiteFideId "1331132"]
[BlackFideId "14109336"]
[WhiteElo "2351"]
[BlackElo "2558"]
[Result "0-1"]
[Round "10"]
[TimeControl "180+2"]
[Date "2023.02.21"]
[WhiteClock "0:02:15"]
[BlackClock "0:02:44"]

1. e4 e5 2. Nf3 Nc6 3. Bb5 a6 4. Ba4 d6 5. d4 b5 6. Bb3 Nxd4 7. Nxd4 exd4 8. Qxd4 c5 9. Qd5 Be6 10. Qc6+ Bd7 11. Bxf7+ Kxf7 12. Qd5+ Be6 13. Qh5+ g6 14. Qe2 Bg7 15. O-O Bc4 0-1


[Site "https://www.chess.com"]

[Event "Titled Tuesday Blitz February 21 Early 2023"]
[White "Korchmar, Vasiliy"]
[Black "Andreev, Eduard"]
[WhiteFideId "24131750"]
[BlackFideId "14103400"]
[WhiteElo "2438"]
[BlackElo "2413"]
[Result "1-0"]
[Round "10"]
[TimeControl "180+2"]
[Date "2023.02.21"]
[WhiteClock "0:00:33"]
[BlackClock "0:00:34"]

1. e4 c5 2. Nf3 d6 3. d4 cxd4 4. Nxd4 Nf6 5. Nc3 a6 6. Be2 e5 7. Nb3 Be7 8. O-O Be6 9. Be3 O-O 10. Nd5 Nxd5 11. exd5 Bf5 12. a4 Nd7 13. a5 Rc8 14. c4 Bg6 15. Qd2 f5 16. f4 Bf6 17. Kh1 Qe8 18. Rae1 Bh5 19. Bxh5 Qxh5 20. Qb4 exf4 21. Bxf4 Ne5 22. Qxd6 Nd3 23. Re3 Nxb2 24. c5 Nc4 25. Qe6+ Kh8 26. Rh3 Qg4 27. d6 Ne5 28. Bxe5 Qe2 29. Qxf5 Qxe5 30. Qxh7# 1-0


[Site "https://www.chess.com"]

[Event "Titled Tuesday Blitz February 21 Early 2023"]
[White "Kvaloy, Aksel Bu"]
[Black "Hasangatin, Ramil"]
[WhiteFideId "1528815"]
[BlackFideId "4122160"]
[WhiteElo "2321"]
[BlackElo "2457"]
[Result "0-1"]
[Round "10"]
[TimeControl "180+2"]
[Date "2023.02.21"]
[WhiteClock "0:00:01"]
[BlackClock "0:00:33"]

1. e4 d5 2. exd5 Qxd5 3. Nc3 Qd6 4. d4 Nf6 5. Nf3 c6 6. Ne5 Nbd7 7. f4 Nb6 8. g4 g6 9. g5 Nfd5 10. Nxd5 cxd5 11. Bb5+ Bd7 12. Bxd7+ Nxd7 13. c3 Bg7 14. Be3 f6 15. Nxd7 Qxd7 16. Qd2 Qg4 17. h3 Qf3 18. Rf1 Qxh3 19. O-O-O Qf5 20. Rde1 O-O-O 21. Bg1 Rd7 22. Rf2 h5 23. Rfe2 Re8 24. Bf2 fxg5 25. fxg5 e5 26. dxe5 Rxe5 27. Bg3 Re4 28. Rxe4 dxe4 29. Qe3 Rd3 30. Qf4 Qxf4+ 31. Bxf4 Kd7 32. Rxe4 Rf3 33. Be5 Bxe5 34. Rxe5 h4 35. Re4 h3 36. Rh4 Ke6 37. Kd2 Kf5 38. Ke2 Kxg5 39. Rh8 Rg3 40. Kf2 Kg4 41. Rg8 Rg2+ 42. Kf1 g5 43. Rg7 Rxb2 44. Rxb7 Rxb7 0-1


[Site "https://www.chess.com"]

[Event "Titled Tuesday Blitz February 21 Early 2023"]
[White "Starozhilov, Leonid"]
[Black "Ordekalog"]
[WhiteFideId "14106752"]
[WhiteElo "2313"]
[BlackElo "2560"]
[Result "0-1"]
[Round "10"]
[TimeControl "180+2"]
[Date "2023.02.21"]
[WhiteClock "0:00:02"]
[BlackClock "0:00:09"]

1. e4 d5 2. Nc3 dxe4 3. Nxe4 Nf6 4. Nc3 Nc6 5. Bb5 Bd7 6. Nf3 a6 7. Ba4 b5 8. Bb3 Na5 9. Ne5 Nxb3 10. axb3 e6 11. O-O Bd6 12. d4 O-O 13. Bg5 Be7 14. Qf3 h6 15. Bh4 b4 16. Na4 Nd5 17. Bxe7 Qxe7 18. Nc5 Bb5 19. Rfe1 Rfd8 20. Rad1 a5 21. c4 bxc3 22. bxc3 Be8 23. c4 Nb4 24. Ned3 Bc6 25. Qg4 Nc2 26. Ne5 Be8 27. Rf1 Nxd4 28. Nb7 Rdb8 29. Rxd4 Rxb7 30. Qg3 Rab8 31. Rd3 f6 32. Ng4 Kh7 33. Re1 Bg6 34. Rde3 e5 35. h3 Qc5 36. Qh4 Rxb3 37. R3e2 Rb1 38. Ne3 Rxe1+ 39. Rxe1 Rd8 40. Qg4 Rd4 41. Qe6 a4 42. Ra1 a3 43. Qa6 Rd3 44. Nc2 Rd2 45. Ne3 a2 46. Rxa2 Rd6 47. Qb5 Qd4 48. Kh2 Qf4+ 49. Kg1 Rb6 0-1


[Site "https://www.chess.com"]

[Event "Titled Tuesday Blitz February 21 Early 2023"]
[White "Papasimakopoulos, Alexandros"]
[Black "Ilinca Ilinca, Felix Antonio"]
[WhiteFideId "4244125"]
[BlackFideId "54764998"]
[WhiteElo "2401"]
[BlackElo "2266"]
[Result "0-1"]
[Round "10"]
[TimeControl "180+2"]
[Date "2023.02.21"]
[WhiteClock "0:00:10"]
[BlackClock "0:00:24"]

1. d4 Nf6 2. c4 c5 3. d5 b5 4. Nf3 b4 5. b3 g6 6. Bb2 Bg7 7. Qc2 d6 8. Nbd2 O-O 9. h3 a5 10. e4 a4 11. Rb1 a3 12. Ba1 e6 13. dxe6 Bxe6 14. Be2 Nc6 15. O-O Re8 16. Rbd1 Nh5 17. Bxg7 Kxg7 18. Rfe1 Qf6 19. Bf1 Nf4 20. h4 Bg4 21. g3 Ne6 22. Be2 Ncd4 23. Qd3 Nxe2+ 24. Rxe2 Qc3 25. Re3 Qb2 26. Qxd6 Rad8 27. Qc6 Bxf3 28. Rxf3 Nd4 29. Qf6+ Kh6 30. Qf4+ Kg7 31. Qxf7+ Kh8 32. Rd3 Rf8 33. Qe7 Nc6 34. Qxc5 Ne5 35. Rxd8 Rxd8 36. Nf1 Re8 37. Qd4 Qxd4 38. Rxd4 Nf3+ 39. Kg2 Nxd4 40. Nd2 Rd8 41. c5 Nc6 42. Nc4 Rd1 43. e5 Kg8 44. f4 Ra1 45. Kf3 Rxa2 46. g4 Rb2 47. f5 Rxb3+ 48. Ke4 Rc3 49. Nd2 a2 50. e6 a1=Q 51. f6 Qe1+ 52. Kf4 Qe5# 0-1


[Site "https://www.chess.com"]

[Event "Titled Tuesday Blitz February 21 Early 2023"]
[White "Shuvalova, Polina"]
[Black "Rottenwohrer Suarez, Juan"]
[WhiteFideId "24171760"]
[BlackFideId "32068182"]
[WhiteElo "2484"]
[BlackElo "2265"]
[Result "1-0"]
[Round "10"]
[TimeControl "180+2"]
[Date "2023.02.21"]
[WhiteClock "0:01:12"]
[BlackClock "0:00:54"]

1. d4 Nf6 2. c4 g6 3. Nc3 Bg7 4. e4 d6 5. Nf3 O-O 6. Be2 e5 7. d5 a5 8. h3 Na6 9. Bg5 h6 10. Be3 Nh5 11. g3 Nf6 12. Nd2 Ne8 13. g4 f5 14. gxf5 gxf5 15. exf5 Bxf5 16. Bg4 Qd7 17. a3 Nc5 18. Bxc5 dxc5 19. Nde4 b6 20. Rg1 Nd6 21. Qe2 Kh8 22. O-O-O Qc8 23. Nxd6 cxd6 24. Ne4 Qd7 25. Bxf5 Rxf5 26. Qg4 Rf7 27. Qxd7 Rxd7 28. Rg6 Rad8 29. Rdg1 Rf8 30. Kd2 Rf3 31. R1g3 Rxg3 32. fxg3 Bf8 33. Nf6 1-0


[Site "https://www.chess.com"]

[Event "Titled Tuesday Blitz February 21 Early 2023"]
[White "Ziatdinov, Raset"]
[Black "Aldokhin, Ivan"]
[WhiteFideId "2015323"]
[BlackFideId "24115720"]
[WhiteElo "2101"]
[BlackElo "2413"]
[Result "0-1"]
[Round "10"]
[TimeControl "180+2"]
[Date "2023.02.21"]
[WhiteClock "0:00:33"]
[BlackClock "0:00:17"]

1. e4 c5 2. Nc3 e6 3. g3 Nc6 4. Bg2 g6 5. f4 d6 6. Nf3 Bg7 7. O-O Nge7 8. d3 Nd4 9. Be3 O-O 10. Qd2 Bd7 11. Rae1 b5 12. Nh4 b4 13. Nd1 f5 14. c3 bxc3 15. bxc3 Ndc6 16. Nf2 Qa5 17. Rc1 Rab8 18. g4 Qa3 19. gxf5 gxf5 20. Rc2 Kh8 21. Nh1 d5 22. e5 d4 23. Bf2 Nd5 24. c4 Ne3 25. Bxe3 dxe3 26. Qxe3 Nd4 27. Rcf2 Bh6 28. Ng3 Rg8 29. Nf3 Rg4 30. Nxd4 cxd4 31. Qxd4 Ba4 32. Bh3 Rg6 33. Qxa7 Rbg8 34. Rg2 Bf8 35. d4 Qe3+ 36. Kh1 Bc6 37. d5 Qxa7 38. dxc6 Qc5 0-1


[Site "https://www.chess.com"]

[Event "Titled Tuesday Blitz February 21 Early 2023"]
[White "Predke, Alexandr"]
[Black "Lehtosaari, Mauri"]
[WhiteFideId "24107581"]
[BlackFideId "501999"]
[WhiteElo "2685"]
[BlackElo "2176"]
[Result "1-0"]
[Round "10"]
[TimeControl "180+2"]
[Date "2023.02.21"]
[WhiteClock "0:00:06"]
[BlackClock "0:00:11"]

1. Nf3 d5 2. c4 c6 3. b3 Nf6 4. Bb2 Bg4 5. Ne5 Bf5 6. e3 Nbd7 7. Be2 e6 8. f4 Bd6 9. O-O Qe7 10. d3 h6 11. Nd2 Bh7 12. Kh1 a6 13. Qe1 Bc7 14. Ndf3 Nxe5 15. Nxe5 O-O 16. Qg3 Ne8 17. Ng4 Bg6 18. Rae1 Kh7 19. e4 f5 20. exd5 fxg4 21. Bxg4 cxd5 22. Rxe6 Qf7 23. Qe1 Bd6 24. f5 Bh5 25. Bh3 a5 26. cxd5 Bb4 27. Qe4 Nf6 28. Bxf6 gxf6 29. g4 Rg8 30. d6 Rg7 31. Re7 Qf8 32. gxh5 Bxd6 33. Rxg7+ Qxg7 34. Rg1 Qf7 35. Qe6 Qxe6 36. fxe6 Be5 37. Bf5+ Kh8 38. Rg6 Re8 39. Rxh6+ Kg7 40. Rh7+ Kg8 41. Rxb7 Bf4 42. Kg2 Bd6 43. h3 Re7 44. Rxe7 Bxe7 45. Kf3 Kg7 46. Ke4 Bd6 47. Kd5 Ba3 48. Kc6 Kf8 49. d4 Ke7 50. d5 Bd6 51. h6 Bf4 52. h7 1-0


[Site "https://www.chess.com"]

[Event "Titled Tuesday Blitz February 21 Early 2023"]
[White "Reprintsev, Alexander"]
[Black "Pakleza, Zbigniew"]
[WhiteFideId "14100541"]
[BlackFideId "1119290"]
[WhiteElo "2253"]
[BlackElo "2494"]
[Result "0-1"]
[Round "10"]
[TimeControl "180+2"]
[Date "2023.02.21"]
[WhiteClock "0:00:12"]
[BlackClock "0:00:05"]

1. e4 d6 2. d4 Nf6 3. Nc3 c6 4. Be2 Nbd7 5. g4 e5 6. Be3 b5 7. f3 b4 8. Nb1 d5 9. exd5 Nxd5 10. Bf2 exd4 11. Qxd4 Bb7 12. Nd2 Bc5 13. Qe4+ Qe7 14. Qxe7+ Kxe7 15. Bxc5+ Nxc5 16. O-O-O Rhe8 17. Nb3 Nxb3+ 18. axb3 Kf8 19. Bd3 Nf4 20. Be4 Rab8 21. h4 c5 22. Bxh7 g6 23. h5 Rbd8 24. hxg6 fxg6 25. Rxd8 Rxd8 26. Nh3 Nxh3 27. Rxh3 Kg7 28. f4 Rh8 29. Rd3 Bc8 30. Bxg6 Kxg6 31. Rd6+ Kf7 32. f5 Rh1+ 33. Kd2 Rg1 34. Rg6 Bb7 35. Kd3 Bd5 36. g5 Rg3+ 37. Kd2 Rf3 38. Rf6+ Ke7 39. Ke2 a5 40. c4 bxc3 41. bxc3 Rxc3 42. Ra6 Bxb3 43. Ra7+ Kd6 44. Ra6+ Ke5 45. f6 Bc4+ 46. Kd2 Rd3+ 47. Kc2 Bxa6 48. f7 Rf3 49. g6 Bd3+ 50. Kc3 Bxg6+ 0-1


[Site "https://www.chess.com"]

[Event "Titled Tuesday Blitz February 21 Early 2023"]
[White "Dehtiarov, Roman"]
[Black "Derjabin, Ilja"]
[WhiteFideId "14186640"]
[BlackFideId "14104768"]
[WhiteElo "2289"]
[BlackElo "2333"]
[Result "1-0"]
[Round "10"]
[TimeControl "180+2"]
[Date "2023.02.21"]
[WhiteClock "0:00:03"]
[BlackClock "0:00:02"]

1. e4 c5 2. Nc3 d6 3. f4 g6 4. Nf3 Bg7 5. Bb5+ Bd7 6. Bxd7+ Qxd7 7. O-O Nf6 8. d3 O-O 9. Qe1 Nc6 10. Bd2 Nd4 11. Rc1 Rac8 12. Nxd4 cxd4 13. Ne2 Qa4 14. b3 Qxa2 15. Qd1 Ng4 16. Rf3 Rc7 17. h3 Ne3 18. Bxe3 dxe3 19. Rxe3 b5 20. d4 Rfc8 21. c3 Qa5 22. b4 Qb6 23. Ra1 e5 24. fxe5 dxe5 25. Kh1 Re8 26. Qd3 exd4 27. cxd4 Rc4 28. e5 Rxb4 29. Rf3 a5 30. Raf1 Re7 31. Qe4 Qb7 32. Qe3 a4 33. Nf4 Rb3 34. Qc1 Rxf3 35. Rxf3 Bh6 36. Qc5 Bxf4 37. Rxf4 b4 38. d5 Rxe5 39. Rxb4 Qd7 40. Rb5 Re1+ 41. Kh2 1-0


[Site "https://www.chess.com"]